 Dungeon Crawl Stone Soup version 0.31-a0-214-gb37851dbb3 (webtiles) character file.

Game seed: 3580538895687116816

170 qw the Shooter (level 5, -1/42 HPs)
             Began as a Minotaur Hexslinger on June 30, 2023.
             Shot with an arrow by a centaur (6 damage)
             ... on level 4 of the Dungeon.
             The game lasted 00:00:59 (2786 turns).

qw the Shooter (Minotaur Hexslinger)                Turns: 2786, Time: 00:00:59

Health: -1/42      AC:  6    Str: 12    XL:     5   Next: 25%
Magic:  0/5        EV: 11    Int: 10    God:
Gold:   168        SH:  0    Dex: 15    Spells: 5/6 levels left

rFire   . . .        Y - +1 sling
rCold   . . .        (no shield)
rNeg    . . .        h - +0 ring mail
rPois   .            (helmet restricted)
rElec   .            i - +0 cloak
rCorr   .            (no gloves)
SInv    +            (no boots)
Will    .....        g - amulet of guardian spirit
Stlth   +            a - ring of see invisible
HPRegen 0.27/turn    (no ring)
MPRegen 0.09/turn

%: guardian spirit
@: no status effects
A: horns 2, retaliatory headbutt
a: no special abilities


You were on level 4 of the Dungeon.
You visited 1 branch of the dungeon, and saw 4 of its levels.

You collected 168 gold pieces.


Innate Abilities, Weirdness & Mutations

You have a pair of horns on your head.
You reflexively headbutt those who attack you in melee.


   Skills:
 + Level 2.3 Fighting
 - Level 5.5 Ranged Weapons
 - Level 1.5 Armour
 - Level 2.1 Dodging
 - Level 1.0 Spellcasting
 - Level 2.0 Hexes


You had 5 spell levels left.
You knew the following spells:

 Your Spells              Type           Power      Damage    Failure   Level
a - Slow                  Hex            16%        N/A       32%         1

Your spell library contained the following spells:

 Spells                   Type           Power      Damage    Failure   Level
 Inner Flame              Hex/Fire       2%         N/A       83%         3
 Portal Projectile        Hex/Tloc       4%         N/A       83%         3
 Cause Fear               Hex            2%         N/A       97%         4

Inventory:

Hand Weapons
 Y - a +1 sling (weapon)
Armour
 h - a +0 ring mail (worn)
 i - a +0 cloak (worn)
Jewellery
 a - a ring of see invisible (left hand)
 g - an amulet of guardian spirit (around neck)
Scrolls
 e - 6 scrolls of identify
Potions
 b - a potion of curing
 c - a potion of haste
 d - a potion of mutation
 j - a potion of resistance

Dungeon Overview and Level Annotations

Branches:
Dungeon (4/15)
 Temple: D:4-7

Altars:
Ashenzari


Message History

You shoot a sling bullet. The sling bullet hits the centaur.
The centaur is moderately wounded.
The centaur shoots an arrow.
The arrow barely misses you.
The centaur shoots an arrow.
The arrow hits you.
You shoot a sling bullet. The sling bullet hits the centaur.
The centaur is moderately wounded.
The centaur shoots an arrow.
The arrow barely misses you.
You shoot a sling bullet.
The sling bullet hits the centaur but does no damage.
The centaur is moderately wounded.
The centaur shoots an arrow.
The arrow barely misses you.
The centaur shoots an arrow.
The arrow barely misses you.
You shoot a sling bullet.
The sling bullet hits the centaur but does no damage.
The centaur is moderately wounded.
The centaur shoots an arrow.
The arrow barely misses you.
You shoot a sling bullet. The sling bullet hits the centaur.
The centaur is heavily wounded.
The centaur shoots an arrow.
The arrow barely misses you.
The centaur shoots an arrow.
The arrow hits you.
You shoot a sling bullet.
The sling bullet hits the centaur but does no damage.
The centaur is heavily wounded.
The centaur shoots an arrow.
The arrow hits you.
The centaur shoots an arrow.
The arrow hits you.
You shoot a sling bullet. The sling bullet hits the centaur.
The centaur is heavily wounded.
The centaur shoots an arrow.
The arrow hits you.
The centaur shoots an arrow.
The arrow hits you.
You shoot a sling bullet.
The sling bullet barely misses the centaur.
The centaur shoots an arrow.
The arrow hits you.
You shoot a sling bullet.
The sling bullet closely misses the centaur.
The centaur shoots an arrow.
The arrow closely misses you.
You shoot a sling bullet.
The sling bullet barely misses the centaur.
The centaur shoots an arrow.
The arrow hits you!
The centaur shoots an arrow.
The arrow hits you!
You die...

##############.#
#.#.......(......#
#.##.#############
.###.##.#
........##
.###.....#
.###.....#
.........#
.......@.#
.........#
.....c...#
....=!...#
......#### #.....
...... #.....


You could see a centaur.

Vanquished Creatures
  An ogre (D:3)
  2 adders (D:2)
  2 worms
  2 dart slugs
  An orc (D:3)
  4 endoplasms
  2 giant cockroaches (D:1)
  10 hobgoblins
  8 jackals
  6 kobolds
  2 quokkas
  8 ball pythons
  3 bats
  3 frilled lizards
  A goblin (D:3)
  5 rats
60 creatures vanquished.

Notes
Turn   | Place    | Note
-------+----------+-------------------------------------------
     0 | D:1      | qw the Minotaur Hexslinger began the quest for the Orb.
     0 | D:1      | Reached XP level 1. HP: 16/16 MP: 1/1
     0 | D:1      | 0 ||| qw: Version: 0.3-a-32-g5962c71
     0 | D:1      | 0 ||| qw: Game counter: 7322
     0 | D:1      | 0 ||| qw: Melee chars always use a shield: true
     0 | D:1      | 0 ||| qw: God list: Okawaru
     0 | D:1      | 0 ||| qw: Allow faded altars: false
     0 | D:1      | 0 ||| qw: Do Orc after clearing Dungeon:15 true
     0 | D:1      | 0 ||| qw: Do second Lair branch before Depths: true
     0 | D:1      | 0 ||| qw: Lair rune preference: random
     0 | D:1      | 0 ||| qw: Goals: Normal
     0 | D:1      | 0 ||| PLANNING D:1-11
    90 | D:1      | Reached skill level 3 in Ranged Weapons
    90 | D:1      | Reached XP level 2. HP: 23/23 MP: 2/2
   427 | D:1      | Reached XP level 3. HP: 29/29 MP: 3/3
   456 | D:1      | Found a faded altar of an unknown god.
   664 | D:1      | 664 ||| UPGRADING to +0 ring mail.
   674 | D:1      | 674 ||| DROPPING +0 robe.
   675 | D:1      | 675 ||| UPGRADING to +0 cloak.
   680 | D:1      | 680 ||| READING scroll labelled RAPRIUS YHEE.
   681 | D:1      | 681 ||| READING 4 scrolls labelled JOKYUKLEOF.
   682 | D:1      | 682 ||| READING scroll labelled MAGUSTR IXINTAFEING.
   683 | D:1      | 683 ||| READING scroll labelled VYDA EBAKHLI.
   684 | D:1      | 684 ||| READING 3 scrolls of identify.
   684 | D:1      | 684 ||| IDENTIFYING fuming ruby potion
   685 | D:1      | 685 ||| READING 2 scrolls of identify.
   685 | D:1      | 685 ||| IDENTIFYING inky potion
   686 | D:1      | 686 ||| DROPPING scroll of poison.
   687 | D:1      | 687 ||| DROPPING potion of brilliance.
  1055 | D:2      | Reached skill level 4 in Ranged Weapons
  1195 | D:2      | Reached skill level 1 in Armour
  1274 | D:2      | Reached XP level 4. HP: 36/36 MP: 4/4
  1673 | D:2      | 1673 ||| READING scroll labelled ZUOKATULITH.
  1676 | D:2      | 1676 ||| READING 2 scrolls labelled YDUHIF SARCHORGH.
  1677 | D:2      | 1677 ||| READING scroll labelled GOFOEW LOTT.
  1678 | D:2      | 1678 ||| READING 2 scrolls of identify.
  1678 | D:2      | 1678 ||| IDENTIFYING bubbling pink potion
  1679 | D:2      | 1679 ||| DROPPING scroll of immolation.
  2250 | D:3      | Noticed an ogre
  2256 | D:3      | Killed an ogre
  2257 | D:3      | Reached skill level 5 in Ranged Weapons
  2257 | D:3      | Reached XP level 5. HP: 41/41 MP: 5/5
  2381 | D:3      | Found a broken altar of Ashenzari.
  2385 | D:3      | Saw a vision of the Shoals and the Spider Nest.
  2385 | D:3      | Noticed a snapping turtle
  2385 | D:3      | Noticed a jorogumo
  2385 | D:3      | Noticed a merfolk
  2385 | D:3      | Noticed a merfolk impaler
  2385 | D:3      | Noticed a merfolk impaler
  2385 | D:3      | Noticed a wolf spider
  2385 | D:3      | Noticed a moth of wrath
  2385 | D:3      | Noticed a harpy
  2385 | D:3      | Noticed a sea snake
  2385 | D:3      | Noticed a culicivora
  2385 | D:3      | Noticed a tarantella
  2385 | D:3      | Noticed a cyclops
  2385 | D:3      | Noticed a wolf spider
  2385 | D:3      | Noticed a water nymph
  2385 | D:3      | Noticed a merfolk avatar
  2385 | D:3      | Noticed a boulder beetle
  2385 | D:3      | Noticed a pharaoh ant
  2385 | D:3      | Noticed a redback
  2385 | D:3      | Noticed a tarantella
  2385 | D:3      | Noticed a wolf spider
  2385 | D:3      | Noticed a culicivora
  2386 | D:3      | Noticed a merfolk javelineer
  2386 | D:3      | Noticed a culicivora
  2387 | D:3      | Noticed a redback
  2387 | D:3      | Noticed a tarantella
  2388 | D:3      | Noticed a wolf spider
  2392 | D:3      | Noticed a pharaoh ant
  2699 | D:3      | 2699 ||| UPGRADING to amulet of guardian spirit.
  2704 | D:3      | 2704 ||| UPGRADING to ring of see invisible.
  2705 | D:3      | 2705 ||| READING scroll labelled EJATARA YW ACS.
  2706 | D:3      | 2706 ||| DRINKING 2 sapphire potions.
  2707 | D:3      | 2707 ||| READING 7 scrolls of identify.
  2707 | D:3      | 2707 ||| IDENTIFYING green potion
  2774 | D:4      | Noticed a centaur
  2786 | D:4      | HP: 5/42 [centaur/arrow (7)]
  2786 | D:4      | Shot with an arrow by a centaur

Levels and vault maps discovered:
D:1:      ebering_trefoil_3fold, layout_loops_ring,
          dreamdust_ecumenical_altar_angels_and_demons
D:2:      layout_loops_corners, serial_rivers, chequers_serial_rivers_micro_a,
          chequers_serial_rivers_large_b, chequers_serial_rivers_micro_a,
          chequers_serial_rivers_room_b
D:3:      wad_lake_hut, layout_basic, grunt_ashenzari_visionary
          [grunt_ashenzari_visionary_shoals, grunt_ashenzari_visionary_spider],
          hangedman_decor_opposing
D:4:      layout_basic, lemuel_doored_altar, solitary_fountain,
          skrybe_limestone_x

Skill      XL: |  1  2  3  4 |
---------------+-------------+-----
Ranged Weapons | 3 4 5 |  5.5
Fighting       | 2 |  2.3
Armour         | 1 |  1.5
Dodging        | |  2.1
Spellcasting   | |  1.0
Hexes          | |  2.0

Action                     |  1- 3 |  4- 6 || total
---------------------------+-------+-------++-------
   Fire: Sling             |   118 |    90 ||   208
    Use: Scroll            |     6 |     6 ||    12
         Potion            |       |     1 ||     1
 Armour: Robe              |     5 |       ||     5
         Ring mail         |    10 |     7 ||    17
  Dodge: Dodged            |    39 |    21 ||    60

Table legend:
 A = Non-vault XP
 B = Vault XP
 C = Vault XP percentage of total XP
 D = Non-vault monster count
 E = Vault monster count
 F = Vault count percentage of total count
                 A         B        C        D         E       F
            +---------+---------+-------+---------+---------+-------
      Total |     243 |       0 |   0.0 |      60 |       0 |   0.0
            +---------+---------+-------+---------+---------+-------
        D:1 |      44 |       0 |   0.0 |      24 |       0 |   0.0
        D:2 |      61 |       0 |   0.0 |      20 |       0 |   0.0
        D:3 |     138 |       0 |   0.0 |      16 |       0 |   0.0
            +---------+---------+-------+---------+---------+-------
